TOP OF THE 1ST |
Beaumont Roughnecks batting - Pitching for Gainesville Guidos : RHP John Jones
|
Pitching: RHP John Jones
|
|
Batting: LHB Tony Rivera
|
0-0: Ball 1-0: Called Strike 1-1: Ball 2-1: Ball 3-1: Called Strike 3-2: Foul Ball, location: 2F 3-2: Ground out U3 (Groundball, 3)
|
Batting: RHB Jeff Mason
|
0-0: Ball 1-0: Foul Ball, location: 2F 1-1: Ball 2-1: SOLO HOME RUN (Flyball, 8LXD), Distance : 413 ft
|
Batting: RHB Anthony Hezell
|
0-0: Fly out, F9 (Flyball, 9)
|
Batting: LHB Cam Flowers
|
0-0: Called Strike 0-1: SOLO HOME RUN (Line Drive, 89XD), Distance : 400 ft
|
Batting: RHB Benjamin Lawson
|
0-0: Called Strike 0-1: Ball 1-1: Ball 2-1: Fly out, F7 (Flyball, 78M)
|
Top of the 1st over - 2 run(s), 2 hit(s), 0 error(s), 0 left on base; Beaumont 2 - Gainesville 0 |
BOTTOM OF THE 1ST |
Gainesville Guidos batting - Pitching for Beaumont Roughnecks : RHP Cliff Long
|
Pitching: RHP Cliff Long
|
|
Batting: RHB Iván Moreno
|
0-0: Ball 1-0: Called Strike 1-1: Ball 2-1: Foul Ball, location: 2F 2-2: Foul Ball, location: 2F 2-2: Ball 3-2: Foul Ball, location: 2F 3-2: Ground out 4-3 (Groundball, 4)
|
Batting: SHB Will Evans
|
0-0: Bunt for hit - play at first, batter OUT! 1-3
|
Batting: LHB Eddy Jefferson
|
0-0: Foul Ball, location: 2F 0-1: Fly out, F7 (Line Drive, 7)
|
Bottom of the 1st over - 0 run(s), 0 hit(s), 0 error(s), 0 left on base; Beaumont 2 - Gainesville 0 |
TOP OF THE 2ND |
Beaumont Roughnecks batting - Pitching for Gainesville Guidos : RHP John Jones
|
Batting: RHB Miguel Costa
|
0-0: Foul Ball, location: 2F 0-1: Ball 1-1: Ball 2-1: Foul Ball, location: 2F 2-2: Ground out 4-3 (Groundball, 4)
|
Batting: RHB Franklin Lawrence
|
0-0: Ball 1-0: SINGLE (Line Drive, 4MD)
|
Batting: RHB Albert Alemán
|
0-0: Called Strike 0-1: Called Strike 0-2: Ball 1-2: Ball 2-2: Ball 3-2: Base on Balls Franklin Lawrence to second
|
Batting: RHB Darwin Crane
|
0-0: Ball 1-0: Ball 2-0: SINGLE (Groundball, 56D) Franklin Lawrence to third Albert Alemán to second Runner from 3rd tries for Home, SAFE, no throw
|
Batting: LHB Tony Rivera
|
0-0: Ball 1-0: Called Strike 1-1: Swinging Strike 1-2: Strikes out looking
|
Batting: RHB Jeff Mason
|
0-0: Foul Ball, location: 2F 0-1: Swinging Strike 0-2: Strikes out swinging
|
Top of the 2nd over - 1 run(s), 2 hit(s), 0 error(s), 2 left on base; Beaumont 3 - Gainesville 0 |
BOTTOM OF THE 2ND |
Gainesville Guidos batting - Pitching for Beaumont Roughnecks : RHP Cliff Long
|
Batting: RHB Alfredo Díaz
|
0-0: Ball 1-0: Ball 2-0: Ball 3-0: Called Strike 3-1: Foul Ball, location: 2F 3-2: SINGLE (Groundball, 6MD)
|
Batting: RHB Kurt Walter
|
0-0: Ball 1-0: Called Strike 1-1: Fly out, F9 (Flyball, 89S)
|
Batting: RHB Augusto Baca
|
0-0: Ball 1-0: Foul Ball, location: 2F 1-1: Ball 2-1: Swinging Strike 2-2: Fly out, F8 (Flyball, 89D) Runner from 1st tags up, SAFE at 2nd
|
Batting: RHB Mark McDonald
|
0-0: Ball 1-0: Ball 2-0: Swinging Strike 2-1: SINGLE (Line Drive, 8LS) Alfredo Díaz to third Runner from 3rd tries for Home, SAFE, no throw
|
Batting: LHB Pedro Juárez
|
0-0: Ball 1-0: Ball 2-0: Ball 3-0: Base on Balls Mark McDonald to second
|
Batting: RHB Greg Lee
|
0-0: Swinging Strike 0-1: Swinging Strike 0-2: Ball 1-2: Ball 2-2: Ball 3-2: Foul Ball, location: 2F 3-2: Strikes out swinging
|
Bottom of the 2nd over - 1 run(s), 2 hit(s), 0 error(s), 2 left on base; Beaumont 3 - Gainesville 1 |
TOP OF THE 3RD |
Beaumont Roughnecks batting - Pitching for Gainesville Guidos : RHP John Jones
|
Batting: RHB Anthony Hezell
|
0-0: Ball 1-0: Called Strike 1-1: Swinging Strike 1-2: Ball 2-2: SINGLE (Flyball, 89S)
|
Batting: LHB Cam Flowers
|
0-0: Ball 1-0: Called Strike 1-1: Ball 2-1: Foul Ball, location: 2F 2-2: SINGLE (Flyball, 4MD) Anthony Hezell to second Runner from 2nd tries for 3rd, SAFE, throw made to third
|
Batting: RHB Benjamin Lawson
|
0-0: Ball 1-0: Ball 2-0: Ball 3-0: Called Strike 3-1: Base on Balls Cam Flowers to second
|
Batting: RHB Miguel Costa
|
0-0: Called Strike 0-1: Ball 1-1: SINGLE (Flyball, 78S) Anthony Hezell scores Cam Flowers to third Benjamin Lawson to second
|
Batting: RHB Franklin Lawrence
|
0-0: Ball 1-0: Ball 2-0: Called Strike 2-1: Swinging Strike 2-2: Strikes out swinging
|
Batting: RHB Albert Alemán
|
0-0: GRAND SLAM HOME RUN (Flyball, 7LD), Distance : 342 ft
|
Pitching: LHP Ben Head
|
|
Batting: RHB Darwin Crane
|
0-0: Called Strike 0-1: Ball 1-1: Fly out, F5 (Line Drive, 56S)
|
Batting: LHB Tony Rivera
|
0-0: Called Strike 0-1: Foul Ball, location: 2F 0-2: Foul Ball, location: 2F 0-2: Ground out 3-1 (Groundball, 34)
|
Top of the 3rd over - 5 run(s), 4 hit(s), 0 error(s), 0 left on base; Beaumont 8 - Gainesville 1 |
BOTTOM OF THE 3RD |
Gainesville Guidos batting - Pitching for Beaumont Roughnecks : RHP Cliff Long
|
Batting: RHB Iván Moreno
|
0-0: Called Strike 0-1: Ball 1-1: Ball 2-1: Ball 3-1: Base on Balls
|
Batting: SHB Will Evans
|
0-0: Called Strike Iván Moreno steals 2nd base 0-1: Ball 1-1: Foul Ball, location: 2F 1-2: SINGLE (Line Drive, 4) Iván Moreno to third
|
Batting: LHB Eddy Jefferson
|
0-0: Called Strike Will Evans is caught stealing 2nd base 0-1: Ball 1-1: SINGLE (Line Drive, 4) Iván Moreno scores
|
Batting: RHB Alfredo Díaz
|
0-0: Called Strike 0-1: Ball 1-1: Fly out, F7 (Flyball, 7LM)
|
Batting: RHB Kurt Walter
|
0-0: Called Strike 0-1: Hit by Pitch Eddy Jefferson to second
|
Batting: RHB Augusto Baca
|
0-0: Called Strike 0-1: Ball 1-1: Fly out, F3 (Popup, 34)
|
Bottom of the 3rd over - 1 run(s), 2 hit(s), 0 error(s), 2 left on base; Beaumont 8 - Gainesville 2 |
TOP OF THE 4TH |
Beaumont Roughnecks batting - Pitching for Gainesville Guidos : LHP Ben Head
|
Batting: RHB Jeff Mason
|
0-0: Ball 1-0: Called Strike 1-1: Ball 2-1: Foul Ball, location: 2F 2-2: Strikes out swinging
|
Batting: RHB Anthony Hezell
|
0-0: Ball 1-0: Foul Ball, location: 2F 1-1: Ball 2-1: Swinging Strike 2-2: Strikes out swinging
|
Batting: LHB Cam Flowers
|
0-0: Ball 1-0: Ball 2-0: Called Strike 2-1: Ground out 4-3 (Groundball, 34)
|
Top of the 4th over - 0 run(s), 0 hit(s), 0 error(s), 0 left on base; Beaumont 8 - Gainesville 2 |
BOTTOM OF THE 4TH |
Gainesville Guidos batting - Pitching for Beaumont Roughnecks : RHP Cliff Long
|
Batting: RHB Mark McDonald
|
0-0: Ball 1-0: Called Strike 1-1: Ball 2-1: DOUBLE (Line Drive, 9)
|
Batting: LHB Pedro Juárez
|
0-0: Ball Mark McDonald steals 3rd base 1-0: Ball 2-0: Ball 3-0: Base on Balls
|
Batting: RHB Greg Lee
|
0-0: Ball 1-0: Swinging Strike 1-1: Grounds into double play, 4-6-3 (Groundball, 4) Mark McDonald scores
|
Batting: RHB Iván Moreno
|
0-0: Ground out 1-3 (Groundball, 15S)
|
Bottom of the 4th over - 1 run(s), 1 hit(s), 0 error(s), 0 left on base; Beaumont 8 - Gainesville 3 |
TOP OF THE 5TH |
Beaumont Roughnecks batting - Pitching for Gainesville Guidos : LHP Ben Head
|
Batting: RHB Benjamin Lawson
|
0-0: Ball 1-0: Ball 2-0: Ball 3-0: Base on Balls
|
Batting: RHB Miguel Costa
|
0-0: Ball 1-0: Called Strike 1-1: Ball 2-1: Ball 3-1: Base on Balls Benjamin Lawson to second
|
Batting: RHB Franklin Lawrence
|
0-0: Ball 1-0: Ball 2-0: Ball 3-0: Called Strike 3-1: Base on Balls Benjamin Lawson to third Miguel Costa to second
|
Batting: RHB Albert Alemán
|
0-0: SINGLE (Groundball, 34D) Benjamin Lawson scores Miguel Costa to third Franklin Lawrence to second
|
Batting: RHB Darwin Crane
|
0-0: SINGLE (Groundball, 6D) Miguel Costa scores Franklin Lawrence to third Albert Alemán to second Runner from 3rd tries for Home, SAFE, throw made home Albert Alemán to third Darwin Crane to second
|
Batting: LHB Tony Rivera
|
0-0: Foul Ball, location: 2F 0-1: Ball 1-1: Ball 2-1: DOUBLE (Flyball, 9LD) Albert Alemán scores Darwin Crane scores
|
Pitching: RHP Salvador De Jesús
|
|
Batting: RHB Jeff Mason
|
0-0: Ball 1-0: Ball 2-0: Foul Ball, location: 2F 2-1: Ball 3-1: Base on Balls
|
Batting: RHB Anthony Hezell
|
0-0: Ball 1-0: Foul Ball, location: 2F 1-1: SINGLE (Groundball, 4MD) Tony Rivera to third Jeff Mason to second
|
Batting: LHB Cam Flowers
|
0-0: Ball 1-0: Swinging Strike 1-1: Ball 2-1: Ball 3-1: Foul Ball, location: 2F 3-2: Base on Balls Tony Rivera scores Jeff Mason to third Anthony Hezell to second
|
Batting: RHB Benjamin Lawson
|
0-0: Ball 1-0: Called Strike 1-1: Fly out, F8 (Flyball, 89D) Runner from 3rd tags up, SCORES, no throw Anthony Hezell to third
|
Batting: RHB Miguel Costa
|
0-0: Swinging Strike 0-1: Ball 1-1: Swinging Strike 1-2: Ball 2-2: Ball 3-2: Grounds into double play, 3-6-3 (Groundball, 34)
|
Top of the 5th over - 7 run(s), 4 hit(s), 0 error(s), 1 left on base; Beaumont 15 - Gainesville 3 |
BOTTOM OF THE 5TH |
Gainesville Guidos batting - Pitching for Beaumont Roughnecks : RHP Cliff Long
|
Batting: SHB Will Evans
|
0-0: Called Strike 0-1: Called Strike 0-2: Ball 1-2: Ball 2-2: Strikes out swinging
|
Batting: LHB Eddy Jefferson
|
0-0: Called Strike 0-1: Ball 1-1: Called Strike 1-2: Strikes out looking
|
Batting: RHB Alfredo Díaz
|
0-0: Called Strike 0-1: Foul Ball, location: 2F 0-2: Hit by Pitch
|
Batting: RHB Kurt Walter
|
0-0: Called Strike 0-1: Ball 1-1: Ball 2-1: Ball Alfredo Díaz steals 2nd base 3-1: Ground out 6-3 (Groundball, 6)
|
Bottom of the 5th over - 0 run(s), 0 hit(s), 0 error(s), 1 left on base; Beaumont 15 - Gainesville 3 |
TOP OF THE 6TH |
Beaumont Roughnecks batting - Pitching for Gainesville Guidos : RHP Salvador De Jesús
|
Batting: RHB Franklin Lawrence
|
0-0: Ball 1-0: SOLO HOME RUN (Flyball, 78XD), Distance : 394 ft
|
Batting: RHB Albert Alemán
|
0-0: Ball 1-0: Ball 2-0: Ball 3-0: Base on Balls
|
Batting: RHB Darwin Crane
|
0-0: Foul Ball, location: 2F 0-1: Fly out, F8 (Line Drive, 78M)
|
Batting: LHB Tony Rivera
|
0-0: Ball 1-0: Called Strike 1-1: Ball 2-1: Ball 3-1: Called Strike 3-2: Strikes out swinging
|
Batting: RHB Jeff Mason
|
0-0: Called Strike 0-1: Ball 1-1: DOUBLE (Flyball, 9LM) Albert Alemán to third Runner from 3rd tries for Home, SAFE, throw made home
|
Batting: RHB Anthony Hezell
|
0-0: Swinging Strike 0-1: Ball 1-1: Fly out, F9 (Flyball, 9S)
|
Top of the 6th over - 2 run(s), 2 hit(s), 0 error(s), 1 left on base; Beaumont 17 - Gainesville 3 |
BOTTOM OF THE 6TH |
Gainesville Guidos batting - Pitching for Beaumont Roughnecks : RHP Cliff Long
|
Pitching: RHP Jesús Ortíz
|
|
Batting: RHB Augusto Baca
|
0-0: Called Strike 0-1: DOUBLE (Line Drive, 7LM)
|
Batting: RHB Mark McDonald
|
0-0: Ball 1-0: Called Strike 1-1: Ground out 1-3 (Groundball, P) Augusto Baca to third
|
Batting: LHB Pedro Juárez
|
0-0: Called Strike 0-1: Ball 1-1: 2-RUN HOME RUN (Flyball, 7D), Distance : 378 ft
|
Pitching: RHP Dave Hammond
|
|
Batting: RHB Greg Lee
|
0-0: Called Strike 0-1: Ball 1-1: Ball 2-1: Swinging Strike 2-2: Strikes out swinging
|
Batting: RHB Iván Moreno
|
0-0: Ball 1-0: SINGLE (Line Drive, 89S)
|
Batting: SHB Will Evans
|
0-0: Ball 1-0: Ball 2-0: Ball 3-0: Base on Balls Iván Moreno to second
|
Batting: LHB Eddy Jefferson
|
0-0: Foul Ball, location: 2F 0-1: Foul Ball, location: 2F 0-2: Ball 1-2: Ball 2-2: Foul Ball, location: 2F 2-2: Ball 3-2: SINGLE (Groundball, 6MD) Iván Moreno to third Will Evans to second Iván Moreno scores Will Evans to third
|
Batting: RHB Alfredo Díaz
|
0-0: Swinging Strike 0-1: Called Strike 0-2: Strikes out swinging
|
Bottom of the 6th over - 3 run(s), 4 hit(s), 0 error(s), 2 left on base; Beaumont 17 - Gainesville 6 |
TOP OF THE 7TH |
Beaumont Roughnecks batting - Pitching for Gainesville Guidos : RHP Salvador De Jesús
|
Batting: LHB Cam Flowers
|
0-0: Ball 1-0: Foul Ball, location: 2F 1-1: Ground out 4-3 (Groundball, 4MS)
|
Batting: RHB Benjamin Lawson
|
0-0: Fly out, F9 (Flyball, 9S)
|
Batting: RHB Miguel Costa
|
0-0: Called Strike 0-1: Ball 1-1: DOUBLE (Line Drive, 7LM)
|
Batting: RHB Franklin Lawrence
|
0-0: Ball 1-0: Ball 2-0: Foul Ball, location: 2F 2-1: SINGLE (Line Drive, 9S) Miguel Costa to third Runner from 3rd tries for Home, throw and OUT!
|
Top of the 7th over - 0 run(s), 2 hit(s), 0 error(s), 1 left on base; Beaumont 17 - Gainesville 6 |
BOTTOM OF THE 7TH |
Gainesville Guidos batting - Pitching for Beaumont Roughnecks : RHP Dave Hammond
|
Batting: RHB Kurt Walter
|
0-0: Ball 1-0: Foul Ball, location: 2F 1-1: Called Strike 1-2: Foul Ball, location: 2F 1-2: Strikes out swinging
|
Batting: RHB Augusto Baca
|
0-0: Ball 1-0: Ball 2-0: Called Strike 2-1: SINGLE (Groundball, 34D)
|
Batting: RHB Mark McDonald
|
0-0: Ball 1-0: Ball 2-0: Swinging Strike 2-1: Foul Ball, location: 2F 2-2: Strikes out swinging
|
Batting: LHB Pedro Juárez
|
0-0: Ball 1-0: Ball 2-0: Swinging Strike 2-1: Ball 3-1: Called Strike 3-2: Foul Ball, location: 2F 3-2: Foul Ball, location: 2F 3-2: Foul Ball, location: 2F 3-2: Base on Balls Augusto Baca to second
|
Batting: RHB Greg Lee
|
0-0: Reached on error, E3 (Groundball, 34) Augusto Baca to third Pedro Juárez to second
|
Batting: RHB Iván Moreno
|
0-0: Ball 1-0: Ball 2-0: Ground out 4-3 (Groundball, 4MS)
|
Bottom of the 7th over - 0 run(s), 1 hit(s), 1 error(s), 3 left on base; Beaumont 17 - Gainesville 6 |
TOP OF THE 8TH |
Beaumont Roughnecks batting - Pitching for Gainesville Guidos : RHP Salvador De Jesús
|
Pitching: RHP Juan Mora
|
|
Batting: RHB Albert Alemán
|
0-0: Called Strike 0-1: Foul Ball, location: 2F 0-2: Ball 1-2: Fly out, F4 (Popup, 34D)
|
Batting: RHB Darwin Crane
|
0-0: Swinging Strike 0-1: Swinging Strike 0-2: Strikes out swinging
|
Batting: LHB Tony Rivera
|
0-0: Ball 1-0: Foul Ball, location: 2F 1-1: Ball 2-1: Ground out 4-3 (Groundball, 34)
|
Top of the 8th over - 0 run(s), 0 hit(s), 0 error(s), 0 left on base; Beaumont 17 - Gainesville 6 |
BOTTOM OF THE 8TH |
Gainesville Guidos batting - Pitching for Beaumont Roughnecks : RHP Dave Hammond
|
Batting: SHB Will Evans
|
0-0: Ball 1-0: Ground out 6-3 (Groundball, 56)
|
Batting: LHB Eddy Jefferson
|
0-0: Ball 1-0: Ball 2-0: SINGLE (Line Drive, 4M)
|
Pitching: LHP Artie Nelson
|
|
Batting: RHB Alfredo Díaz
|
0-0: Ball 1-0: Swinging Strike 1-1: Ball 2-1: Foul Ball, location: 2F 2-2: Strikes out swinging
|
Batting: RHB Kurt Walter
|
0-0: Called Strike 0-1: Fly out, F8 (Flyball, 8LD)
|
Bottom of the 8th over - 0 run(s), 1 hit(s), 0 error(s), 1 left on base; Beaumont 17 - Gainesville 6 |
TOP OF THE 9TH |
Beaumont Roughnecks batting - Pitching for Gainesville Guidos : RHP Juan Mora
|
Batting: RHB Jeff Mason
|
0-0: Called Strike 0-1: Ball 1-1: Foul Ball, location: 2F 1-2: Foul Ball, location: 2F 1-2: Ball 2-2: Ball 3-2: Foul Ball, location: 2F 3-2: SOLO HOME RUN (Flyball, 7LD), Distance : 331 ft
|
Batting: RHB Anthony Hezell
|
0-0: Called Strike 0-1: Called Strike 0-2: Ball 1-2: Fly out, F7 (Flyball, 7)
|
Batting: LHB Cam Flowers
|
0-0: Ball 1-0: Ground out 1-3 (Groundball, 13)
|
Batting: RHB Benjamin Lawson
|
0-0: DOUBLE (Line Drive, 89D) - OUT at third base trying to stretch hit.
|
Top of the 9th over - 1 run(s), 2 hit(s), 0 error(s), 0 left on base; Beaumont 18 - Gainesville 6 |
BOTTOM OF THE 9TH |
Gainesville Guidos batting - Pitching for Beaumont Roughnecks : LHP Artie Nelson
|
Batting: RHB Augusto Baca
|
0-0: Called Strike 0-1: Ball 1-1: Ball 2-1: Ball 3-1: Swinging Strike 3-2: Fly out, F9 (Flyball, 9)
|
Batting: RHB Mark McDonald
|
0-0: Ball 1-0: Called Strike 1-1: Called Strike 1-2: Strikes out swinging
|
Batting: LHB Pedro Juárez
|
0-0: Ball 1-0: Ball 2-0: Foul Ball, location: 2F 2-1: Ball 3-1: Base on Balls
|
Batting: RHB Greg Lee
|
0-0: Called Strike 0-1: SINGLE (Groundball, 6MD) Pedro Juárez to second
|
Batting: RHB Iván Moreno
|
0-0: Called Strike 0-1: Called Strike 0-2: Strikes out swinging passed ball, reaches first! Pedro Juárez to third Greg Lee to second
|
Batting: SHB Will Evans
|
0-0: Foul Ball, location: 2F 0-1: Foul Ball, location: 2F 0-2: Ball 1-2: Foul Ball, location: 2F 1-2: Ball 2-2: Strikes out looking
|
Bottom of the 9th over - 0 run(s), 1 hit(s), 0 error(s), 3 left on base; Beaumont 18 - Gainesville 6 |
|